 Dungeon Crawl Stone Soup version 0.31.0-11-ge490571c62 (webtiles) character file.

Game seed: 12511378135480215200

366 shadizar the Trooper (level 6, -1/40 HPs)
             Began as a Gargoyle Monk on Feb 3, 2024.
             Slain by an orc warrior
             ... wielding a +0 scimitar
              (14 damage)
             ... on level 4 of the Dungeon.
             The game lasted 00:03:49 (3126 turns).

shadizar the Trooper (Gargoyle Monk)                Turns: 3126, Time: 00:03:49

Health: -1/40      AC: 16    Str: 17    XL:     6   Next: 68%
Magic:  6/6        EV:  8    Int: 10    God:
Gold:   272        SH:  0    Dex: 12    Spells: 5/5 levels left

rFire   . . .        a - +0 mace
rCold   . . .        d - orb {light}
rNeg    + . .        i - +0 chain mail
rPois   ∞            r - +1 helmet
rElec   +            (no cloak)
rCorr   .            (no gloves)
SInv    .            s - +0 pair of boots
Will    +....        (no amulet) Stlth
                     p - ring of willpower
HPRegen 0.26/turn    (no ring)
MPRegen 0.10/turn

%: no passive effects
@: confused, ambrosia-drunk, glowing
A: sickness immunity, AC +4, negative energy resistance 1, electricity
resistance, torment resistance 1, petrification resistance
a: no special abilities


You were on level 4 of the Dungeon.
You visited 1 branch of the dungeon, and saw 4 of its levels.

You collected 272 gold pieces.

Inventory:

Hand Weapons
 a - a +0 mace (weapon)
 o - a +0 short sword
Armour
 b - a +0 robe
 d - an orb of light (worn)
 i - a +0 chain mail (worn)
 j - a -1 buckler
 q - a +2 animal skin
 r - a +1 helmet (worn)
 s - a +0 pair of boots (worn)
Jewellery
 k - a ring of flight
 p - a ring of willpower (left hand)
Scrolls
 e - 4 scrolls of identify {unknown}
 g - 2 scrolls of enchant weapon {unknown}
 h - 2 scrolls of teleportation {unknown}
 m - a scroll of fog {unknown}
 n - 2 scrolls of noise {unknown}
 u - a scroll of brand weapon {unknown}
 v - a scroll of fear {unknown}
Potions
 f - a potion of berserk rage {unknown}
 l - a potion of mutation {unknown}
 t - a potion of cancellation {unknown}


   Skills:
 + Level 4.9 Fighting
 + Level 4.4 Maces & Flails
 + Level 3.2 Armour
 + Level 3.6 Dodging


You had 5 spell levels left.
You didn't know any spells.
Your spell library contained the following spells:

 Spells                   Type           Power      Damage    Failure   Level
 Scorch                   Fire           0%         2d5       99%         2
 Hailstorm                Conj/Ice       0%         3d5       100%        3
 Summon Ice Beast         Ice/Summ       0%         N/A       100%        3
 Flame Wave               Conj/Fire      0%         2d4       100%        4
 Sculpt Simulacrum        Ice/Alch       0%         N/A       100%        6
 Summon Cactus Giant      Summ           0%         N/A       100%        6


Dungeon Overview and Level Annotations

Branches:
Dungeon (4/15)
 Temple: D:4-7

Altars:
Ashenzari

Shops:
D:2 [


Innate Abilities, Weirdness & Mutations

You are immune to sickness and miasma.
Your stone body is resilient. (AC +4)
You are immune to poison.
You resist negative energy. (rN+)
You are resistant to electric shocks. (rElec)
You are resistant to unholy torment.
You are immune to petrification.


Message History

* * * LOW HITPOINT WARNING * * *
You hit the orc warrior but do no damage.
The orc warrior is moderately wounded.
The orc warrior hits you with a +0 scimitar!
* * * LOW HITPOINT WARNING * * *
You are confused.
You feel invigorated. The orc warrior barely misses you.
Unknown command.
You bump into the metal wall.
The orc warrior closely misses you.
You're too confused to move!
The orc warrior hits you with a +0 scimitar.
* * * LOW HITPOINT WARNING * * *
You bump into the metal wall.
The orc warrior hits you with a +0 scimitar!
* * * LOW HITPOINT WARNING * * *
You bump into the metal wall.
The orc warrior hits you with a +0 scimitar.
* * * LOW HITPOINT WARNING * * *
You hit the orc warrior.
The orc warrior is heavily wounded.
You feel less invigorated.
You feel less confused.
The orc warrior hits you but does no damage.
You are confused.
You feel invigorated.
The orc warrior hits you with a +0 scimitar.
The bombardier beetle waves its antennae.
You bump into the metal wall.
The orc warrior closely misses you.
You hit the orc warrior but do no damage.
The orc warrior is heavily wounded.
The orc warrior closely misses you.
The orc warrior hits you with a +0 scimitar!
* * * LOW HITPOINT WARNING * * *
You bump into the metal wall.
The orc warrior hits you with a +0 scimitar!
* * * LOW HITPOINT WARNING * * *
You hit the orc warrior.
The orc warrior is heavily wounded.
The orc warrior hits you with a +0 scimitar!
You die...

##.# .. ## #.## .. .. ##.# .#
.# ##. ##. #.. . #.. #. #.# #.
#.# #. #.# #.#####.# #. # #.#
#.†...#.# #####. ## ##.#
#.#@#...# #..... .####(.##
+###o##..#######.####
....'...### #J'.B.#..........#
.####.....##'###.##..#######.#
..# ##...##.% ####...# #.# #.#
##..#Jog #....#.# #.#### #.#
#..#... #.###..# #..... #.#
#..##!.##.# #.## ###... ..#
##..####..# #.# ###...


You could see an orc warrior and a bombardier beetle.

Vanquished Creatures
  A phantom (D:4)
  A howler monkey (D:2)
  2 hounds (D:4)
  An orc wizard (D:4)
  Robin (D:3)
  3 gnolls (D:2)
  5 adders
  A ribbon worm (D:2)
  3 orcs
  4 bats
  4 endoplasms
  5 giant cockroaches
  11 hobgoblins
  6 jackals
  A quokka (D:1)
  6 ball pythons
  4 frilled lizards
  15 goblins
  8 kobolds
  3 rats
85 creatures vanquished.

Notes
Turn   | Place    | Note
-------+----------+-------------------------------------------
     0 | D:1      | shadizar the Gargoyle Monk began the quest for the Orb.
     0 | D:1      | Reached XP level 1. HP: 14/14 MP: 1/1
   260 | D:1      | Reached XP level 2. HP: 19/19 MP: 2/2
   516 | D:1      | Reached skill level 1 in Armour
   705 | D:2      | Reached XP level 3. HP: 18/24 MP: 3/3
   789 | D:2      | Found Baotwil's Armour Boutique.
   910 | D:2      | Reached XP level 4. HP: 27/29 MP: 4/4
  1317 | D:2      | Reached XP level 5. HP: 18/33 MP: 5/5
  1828 | D:3      | Found a broken altar of Ashenzari.
  1830 | D:3      | Noticed an ogre
  2077 | D:4      | Noticed Robin
  2103 | D:3      | Killed Robin
  2827 | D:4      | Reached XP level 6. HP: 31/39 MP: 6/6
  3085 | D:4      | Noticed an orc warrior
  3126 | D:4      | Slain by an orc warrior

Illustrated notes

Levels and vault maps discovered:
D:1:      amcnicky_arrival_single_pillar, layout_basic
D:2:      layout_basic, serial_shops, nicolae_shop_scrapyard, grunt_ministairs_3
D:3:      layout_rooms, mainiacjoe_overflow_chevrons
D:4:      layout_loops_corners, minmay_joined_circles, uniq_robin

Skill      XL: |  1  2  3  4  5  6 |
---------------+-------------------+-----
Armour         | 1 2 3 |  3.2
Fighting       | 4 |  4.9
Dodging        | 3 |  3.6
Maces & Flails | 4 |  4.4

Action                     |  1- 3 |  4- 6 || total
---------------------------+-------+-------++-------
  Melee: Mace              |    65 |   182 ||   247
    Use: Potion            |       |     2 ||     2
 Armour: Robe              |    19 |       ||    19
         Chain mail        |    15 |   181 ||   196
  Dodge: Dodged            |    37 |    91 ||   128
